 Dungeon Crawl Stone Soup version 0.29.1-15-g9cfb28693d (webtiles) character file.

Game seed: 8081385805723360810

905 Peloso the Slasher (level 7, -2/61 HPs)
             Began as a Minotaur Fighter on Feb 25, 2023.
             Slain by an ogre
             ... wielding a +0 giant club
              (27 damage)
             ... on level 7 of the Dungeon.
             The game lasted 00:09:31 (5758 turns).

Peloso the Slasher (Minotaur Fighter)               Turns: 5758, Time: 00:09:32

Health: -2/61      AC: 12    Str: 21    XL:     7   Next: 80%
Magic:  6/6        EV:  5    Int:  5    God:
Gold:   288        SH:  9    Dex: 11    Spells: 6/6 levels left

rFire   . . .      SeeInvis .   a - +1 long sword
rCold   + . .      Faith    .   d - +0 kite shield
rNeg    + . .      Spirit   .   m - +0 plate armour
rPois   +          Reflect  .   (helmet restricted)
rElec   .          Harm     .   v - +0 cloak {rPois}
rCorr   .          Rampage  .   c - +1 pair of gloves
Will    .....                   (no boots)
Stlth   ..........              (no amulet)
HPRegen 0.20/turn               i - ring of protection from cold
MPRegen 0.10/turn               l - ring of positive energy

@: corroded
A: horns 2, retaliatory headbutt
a: no special abilities


You were on level 7 of the Dungeon.
You visited 1 branch of the dungeon, and saw 7 of its levels.
You also visited: Sewer.

You collected 288 gold pieces.

Inventory:

Hand Weapons
 a - a +1 long sword (weapon)
 b - a +1 trident of freezing
Missiles
 z - a throwing net (quivered)
Armour
 c - a +1 pair of gloves (worn)
 d - a +0 kite shield (worn)
 m - a +0 plate armour (worn)
 p - a +0 scale mail
 v - a +0 cloak of poison resistance (worn)
Jewellery
 i - a ring of protection from cold (left hand)
 j - a ring of ice
 l - a ring of positive energy (right hand)
 x - an amulet of magic regeneration
Scrolls
 f - a scroll of butterflies
 g - 3 scrolls of immolation
 k - a scroll of identify
 q - 2 scrolls of teleportation
 r - 3 scrolls of enchant weapon
 s - a scroll of enchant armour
 y - a scroll of silence {unknown}
Potions
 e - 2 potions of might
 h - a potion of haste
 n - a potion of brilliance
 o - 2 potions of berserk rage
 t - 2 potions of curing
 u - 2 potions of mutation
 w - a potion of heal wounds


   Skills:
 + Level 5.6 Fighting
 + Level 7.3 Long Blades
 + Level 6.7 Armour
 + Level 1.1 Dodging
 + Level 0.3 Stealth
 + Level 5.0 Shields


You had 6 spell levels left.
You didn't know any spells.
Your spell library contained the following spells:

 Spells                   Type           Power      Damage    Failure   Level
 Ozocubu's Armour         Ice            0%         N/A       100%        3
 Summon Guardian Golem    Hex/Summ       0%         N/A       100%        3
 Metabolic Englaciation   Hex/Ice        0%         N/A       100%        5
 Simulacrum               Ice/Necr       0%         N/A       100%        6
 Orb of Destruction       Conj           0%         9d5       100%        7
 Spellforged Servitor     Conj/Summ      0%         N/A       100%        7


Dungeon Overview and Level Annotations

Branches:
Dungeon (7/15)              Sewer (visited)
 Temple: D:4-7

Altars:
Hepliaklqana
Vehumet
Zin

Shops:
D:6 =

Annotations:
D:4 2 transporters, Gabide's ghost, amateur DEHu


Innate Abilities, Weirdness & Mutations

You have a pair of horns on your head.
You reflexively headbutt those who attack you in melee.


Message History

You climb downwards.
You hear the roar of battle.
There is an entrance to a bailey on this level.
Hurry and find it before the portal closes forever!
There is a stone staircase leading up here.
A jelly comes into view.
Found a steaming mace.
The jelly quivers.
A jelly is nearby!
A jelly is nearby!
A jelly is nearby!
An orc comes into view.
It is wielding a +1 trident of protection.
The orc shouts!
The jelly barely misses you.
You barely miss the jelly. Your headbutt misses the jelly.
You block the jelly's attack.
You hit the jelly.
Your hands burn!
The jelly is lightly wounded.
The orc hits you but does no damage. You block the jelly's attack.
You slash the jelly! The acid corrodes you!
Your hands burn!
You headbutt the jelly.
You kill the jelly!
The orc hits you but does no damage. You block the orc's attack.
An ogre comes into view. It is wielding a +0 giant club.
The ogre shouts!
The orc hits you but does no damage.
The ogre moves out of view.
Found a crooked smoking staff.
The orc hits you but does no damage.
You barely miss the orc. The orc hits you but does no damage.
You hit the orc. You headbutt the orc.
You kill the orc!
The ogre hits you with a +0 giant club!
Things that are here:
a +1 trident of protection; an orc corpse You hit the ogre.
The ogre is lightly wounded.
The ogre hits you with a +0 giant club!!
You hit the ogre.
The ogre is lightly wounded.
The ogre hits you with a +0 giant club!!
You die...

##### #...####
.. #..<...#
....##...##.#..
#.............
#####.#####.).
#.### #.@O#
............#
..|......##.#
.........# ..
.........# ##
..........
........#.
#####...##.


You could see an ogre.

Vanquished Creatures
  A water moccasin (Sewer)
  A black bear (D:6)
  An ogre (D:5)
  A bullfrog (D:6)
  A gnoll sergeant (D:6)
  2 scorpions (D:5)
  2 jellies
  A hound (D:6)
  Crazy Yiuf (D:6)
  An orc priest (D:6)
  An orc wizard (D:6)
  4 gnolls (D:6)
  3 adders
  A shadow imp (D:6)
  An ufetubus (D:6)
  A worm (D:2)
  5 dart slugs
  14 orcs
  4 ball pythons
  7 bats
  9 endoplasms
  8 giant cockroaches
  8 goblins
  9 hobgoblins
  5 jackals
  6 quokkas
  6 frilled lizards
  5 kobolds
  10 rats
119 creatures vanquished.

Vanquished Creatures (others)
  17 plants (D:4)
17 creatures vanquished.

Grand Total: 136 creatures vanquished

Notes
Turn   | Place    | Note
-------+----------+-------------------------------------------
     0 | D:1      | Peloso the Minotaur Fighter began the quest for the Orb.
     0 | D:1      | Reached XP level 1. HP: 19/19 MP: 0/0
    53 | D:1      | Reached XP level 2. HP: 22/27 MP: 1/1
   435 | D:1      | Reached XP level 3. HP: 24/33 MP: 2/2
   924 | D:1      | Reached skill level 3 in Long Blades
  1118 | D:1      | Found a faded altar of an unknown god.
  1409 | D:2      | Reached XP level 4. HP: 39/40 MP: 3/3
  2345 | D:3      | Reached skill level 4 in Long Blades
  2445 | D:3      | Found a radiant altar of Vehumet.
  2962 | D:3      | Reached XP level 5. HP: 46/46 MP: 4/4
  3130 | D:4      | Noticed Gabide's ghost (amateur DEHu)
  3132 | D:4      | Found a transporter.
  3165 | D:4      | Found a transporter.
  3285 | D:4      | Found a hazy altar of Hepliaklqana.
  3678 | D:5      | Entered Level 5 of the Dungeon
  3678 | D:5      | Noticed an ogre
  3690 | D:5      | Killed an ogre
  3691 | D:5      | Reached skill level 5 in Long Blades
  3691 | D:5      | Reached skill level 5 in Armour
  3691 | D:5      | Reached skill level 1 in Dodging
  3895 | D:5      | Reached XP level 6. HP: 52/53 MP: 5/5
  3900 | D:5      | Noticed a two-headed ogre
  4112 | D:6      | Found a glowing silver altar of Zin.
  4128 | D:6      | Reached skill level 6 in Long Blades
  4144 | D:6      | Reached XP level 7. HP: 22/60 MP: 6/6
  4215 | D:6      | Reached skill level 5 in Fighting
  4298 | D:6      | Found a glowing drain.
  4320 | Sewer    | Entered a sewer
  4412 | Sewer    | HP: 3/61 [poisoned by a water moccasin]
  4929 | D:6      | Reached skill level 5 in Shields
  4965 | D:6      | Found a runed translucent door.
  4966 | D:6      | Noticed Crazy Yiuf
  4976 | D:6      | Killed Crazy Yiuf
  4977 | D:6      | Reached skill level 7 in Long Blades
  4984 | D:6      | HP: 3/61 [poisoned by Crazy Yiuf]
  5537 | D:6      | Found Askophor's Jewellery Shoppe.
  5758 | D:7      | Slain by an ogre

Illustrated notes

Levels and vault maps discovered:
D:1:      saegor_arrival_simple_a, layout_loops_ring,
          chequers_ecumenical_altar_lobes, ebering_dispersal_statue_hall,
          minmay_pentomino_s2
D:2:      layout_basic, serial_rivers, chequers_serial_rivers_room_a,
          chequers_serial_rivers_small_a, chequers_serial_rivers_micro_a,
          chequers_serial_rivers_large_a, chequers_serial_rivers_micro_a,
          chequers_serial_rivers_marsh
D:3:      layout_basic, mainiacjoe_overflow_catwalk, nicolae_elevator_lobby_plus
D:4:      layout_loops_ring, kennysheep_mini_moat, gammafunk_ghost_arena,
          kennysheep_boxes
D:5:      layout_loops_cross, nicolae_overflow_hidden_temple, uniq_menkaure,
          uniq_edmund
D:6:      layout_basic, zin_academy, portal_sewer_entry_f, serial_shops,
          nicolae_shop_window_shopping, uniq_crazy_yiuf_cottage
D:7:      layout_rooms, nicolae_dithmenos_through_a_glass_darkly,
          minmay_temple_entry_ruins, enter_bailey_5, uniq_maggie

Skill      XL: |  1  2  3  4  5  6  7 |
---------------+----------------------+-----
Armour         | 4 5 6 |  6.7
Fighting       | 4 5 |  5.6
Shields        | 4 5 |  5.0
Long Blades    | 3 4 5 6 7 |  7.3
Dodging        | 1 |  1.1
Stealth        | |  0.3

Action                   |  1- 3 |  4- 6 |  7- 9 || total
-------------------------+-------+-------+-------++-------
Melee: Long sword        |    83 |   115 |    93 ||   291
       Headbutt          |    20 |    21 |    20 ||    61
  Use: Scroll            |     5 |     6 |     3 ||    14
       Potion            |       |     3 |     1 ||     4
Armor: Scale mail        |    49 |    20 |       ||    69
       Plate armour      |       |    55 |    53 ||   108
Dodge: Dodged            |    42 |    40 |    24 ||   106
Block: Buckler           |    23 |    29 |       ||    52
       Kite shield       |       |       |    45 ||    45
